 Dungeon Crawl Stone Soup version 0.32-a0-314-g526f7d4993 (webtiles) character file.

Game seed: 17353160551225319577

137 BerryKnight the Trooper (level 5, 0/69 HPs)
             Began as a Mountain Dwarf Warper on Feb 16, 2024.
             Incinerated by a bombardier beetle (6 damage)
             ... with a burning spray
             ... on level 4 of the Dungeon.
             The game lasted 00:10:29 (1209 turns).

BerryKnight the Trooper (Mountain Dwarf Warper)     Turns: 1209, Time: 00:10:30

Health: 0/69       AC: 22    Str: 15    XL:     5   Next: 0%
Magic:  6/8        EV:  2    Int: 14    God:
Gold:   109        SH:  3    Dex:  9    Spells: 4/8 levels left

rFire   . . .        a - +0 hand axe
rCold   . . .        g - +0 buckler
rNeg    . . .        m - melded +0 chain mail
rPois   +            (helmet currently unavailable)
rElec   .            (cloak currently unavailable)
rCorr   .            (gloves currently unavailable)
SInv    .            (boots currently unavailable)
Will    +....        (no amulet)
Stlth   +            v - ring of willpower
HPRegen 0.31/turn    (no ring)
MPRegen 0.11/turn

%: no passive effects
@: mighty, on fire, tree-form, glowing
A: stationary, stasis, torment immunity, boosted hp, runic magic, artefact
enchanting
a: no special abilities


You were on level 4 of the Dungeon.
You were a tree.
You visited 1 branch of the dungeon, and saw 4 of its levels.

You collected 109 gold pieces.

Inventory:

Hand Weapons
 a - a +0 hand axe (weapon)
 l - a +0 mace of holy wrath
Missiles
 d - 6 darts of dispersal (quivered)
 p - 3 boomerangs
Armour
 f - a +0 ring mail
 g - a +0 buckler (worn)
 m - a +0 chain mail (melded)
Jewellery
 v - a ring of willpower (left branch)
Scrolls
 b - 3 scrolls of teleportation {unknown}
 c - a scroll of blinking
 i - a scroll of fear {unknown}
 k - a scroll of butterflies {unknown}
 n - a scroll of identify {unknown}
 q - a scroll of silence {unknown}
 s - a scroll of poison {unknown}
 u - a scroll of immolation {unknown}
Potions
 e - a potion of lignification
 h - a potion of might
 j - a potion of mutation {unknown}
 o - 2 potions of curing {unknown}
 r - a potion of brilliance {unknown}
 t - a potion of haste {unknown}


   Skills:
 * Level 3.8 Fighting
 + Level 3.4 Axes
 - Level 0.7 Throwing
 + Level 2.3 Armour
 - Level 1.3 Dodging
 + Level 1.3 Shields
 + Level 2.3 Spellcasting
 - Level 2.4 Translocations


You had 4 spell levels left.
You knew the following spells:

 Your Spells              Type           Power      Damage    Failure   Level
a - Blink                 Tloc           16%        N/A       17%         2
b - Lesser Beckoning      Tloc           16%        N/A       17%         2

Your spell library contained the following spells:

 Spells                   Type           Power      Damage    Failure   Level
 Freeze                   Ice            4%         1d3       30%         1
 Magic Dart               Conj           4%         1d3       30%         1
 Teleport Other           Tloc           8%         N/A       32%         3
 Searing Ray              Conj           2%         2d4       41%         2
 Frozen Ramparts          Ice            2%         1d1       65%         3
 Hailstorm                Conj/Ice       1%         3d5       65%         3
 Manifold Assault         Tloc           8%         N/A       73%         4
 Vhi's Electric Charge    Tloc/Air       10%        N/A       88%         4
 Fulminant Prism          Conj/Alch      0%         3d5       96%         4


Dungeon Overview and Level Annotations

Branches:
Dungeon (4/15)
 Temple: D:4-7

Altars:
Fedhas
Gozag
Xom


Innate Abilities, Weirdness & Mutations

You are a tree.
Your roots penetrate the ground, keeping you stationary.
You cannot be teleported.
You are immune to unholy pain and torment.
Your maximum health is greatly increased.
Your equipment is partially melded.
Your spellcasting is much less encumbered by armour.
You can use scrolls of enchantment on lesser artefacts.


Message History

Unknown command.
You hit the bombardier beetle.
The bombardier beetle is heavily wounded.
You hit the jackal. The liquid fire burns you! The jackal barely misses you.
The jackal bites you but does no damage.
The bombardier beetle bites you.
You hit the bombardier beetle.
The bombardier beetle is heavily wounded.
You hit the jackal.
You kill the jackal!
The liquid fire burns you!
Unknown command.
You hit the bombardier beetle but do no damage.
The bombardier beetle is heavily wounded.
The liquid fire burns you!
The bombardier beetle barely misses you.
Unknown command.
You hit the bombardier beetle.
The bombardier beetle is severely wounded.
The liquid fire burns you!
* * * LOW HITPOINT WARNING * * *
The bombardier beetle sprays incendiary fluid at you.
The burning spray hits you.
You are even more covered in liquid fire!
It was a potion of might.
You feel very mighty all of a sudden. The liquid fire burns you!
* * * LOW HITPOINT WARNING * * *
You slash the bombardier beetle!
You kill the bombardier beetle!
The liquid fire burns you!
* * * LOW HITPOINT WARNING * * *
You have reached level 5!
It was a potion of lignification.
You turn into a tree.
Your +0 chain mail melds into your body.
Your roots penetrate the ground.
The liquid fire burns you!
You die...

#....... ############
#.......
#.<........######.......
#..........#....#.......
#..........'..†.#.......
#..........#..†.'.......
#..........####'#..†....
#.......#### #..#..<....
#......♣# #..#.......
#......†# #..'.......
#.......# #..#.......
#.......# ##.#.......
#......## ##.########
+...... +.........#
#...... #.........#
#...... ##...##..##
#######..#


There were no monsters in sight!

Vanquished Creatures
  A bombardier beetle (D:4)
  An adder (D:4)
  A dart slug (D:1)
  2 ribbon worms (D:2)
  An orc (D:3)
  2 bats
  6 endoplasms
  A giant cockroach (D:2)
  9 goblins
  3 hobgoblins
  3 jackals (D:4)
  5 quokkas
  5 ball pythons
  4 frilled lizards
  6 rats
50 creatures vanquished.

Notes
Turn   | Place    | Note
-------+----------+-------------------------------------------
     0 | D:1      | BerryKnight the Mountain Dwarf Warper began the quest for
                  | the Orb.
     0 | D:1      | Reached XP level 1. HP: 17/17 MP: 3/3
    56 | D:1      | Reached XP level 2. HP: 21/25 MP: 4/4
   186 | D:1      | Reached XP level 3. HP: 16/31 MP: 6/6
   215 | D:1      | Learned a level 2 spell: Blink
   218 | D:1      | Learned a level 2 spell: Lesser Beckoning
   595 | D:1      | Found a faded altar of an unknown god.
   616 | D:1      | Reached XP level 4. HP: 34/38 MP: 7/7
   899 | D:3      | Found an opulent altar of Gozag.
   901 | D:3      | Found a shimmering altar of Xom.
   950 | D:3      | Found a blossoming altar of Fedhas.
  1069 | D:4      | Reached skill level 1 in Shields
  1209 | D:4      | Reached XP level 5. HP: 4/46 MP: 6/8
  1209 | D:4      | Incinerated by a bombardier beetle

Illustrated notes

Levels and vault maps discovered:
D:1:      dpeg_arrival_subterranean_lakeside_camping, layout_loops_ring,
          nicolae_ecumenical_snake_handling
D:2:      layout_basic
D:3:      layout_basic, lemuel_tele_altar, mainiacjoe_overflow_catwalk_spiral
D:4:      layout_gridville, makhleb_heckhound_becter

Skill      XL: |  1  2  3  4 |
---------------+-------------+-----
Spellcasting   | 2 |  2.3
Fighting       | 3 |  3.8
Axes           | 3 |  3.4
Armour         | 2 |  2.3
Shields        | 1 |  1.3
Throwing       | |  0.7
Dodging        | |  1.3
Translocations | |  2.4

Action                     |  1- 3 |  4- 6 || total
---------------------------+-------+-------++-------
  Melee: Hand axe          |   125 |    66 ||   191
  Throw: Dart              |       |     1 ||     1
   Cast: Blink             |       |     1 ||     1
         Lesser Beckoning  |       |     1 ||     1
    Use: Potion            |       |     2 ||     2
 Armour: Leather armour    |    40 |       ||    40
         Ring mail         |    48 |    15 ||    63
         Chain mail        |       |    42 ||    42
  Dodge: Dodged            |    73 |    26 ||    99
  Block: Buckler           |     8 |    11 ||    19

Table legend: (Time is in decaauts)
 A = Elapsed time spent in this place.
 B = Non-inter-level travel time spent in this place.
 C = Inter-level travel time spent in this place.
 D = Time resting spent in this place.
 E = Time spent auto-exploring this place.
 F = Levels seen in this place.
 G = Mean time per level.
                   A        B        C        D        E       F      G
               +--------+--------+--------+--------+--------+-----+--------+
         Total |   1244 |   1198 |     46 |      0 |      0 |   4 |  311.0 |
       Dungeon |   1244 |   1198 |     46 |      0 |      0 |   4 |  311.0 |
               +--------+--------+--------+--------+--------+-----+--------+

Top non-repeatable levels by time:
     D:3: 352 daAuts
     D:1: 346 daAuts
     D:2: 343 daAuts
     D:4: 203 daAuts
